 Dungeon Crawl Stone Soup version 0.23.2-11-gf996548c65 (webtiles) character file.

Game seed: 16302946173800042935

172 troglodite the Sneak (level 5, -4/24 HPs)
             Began as a Spriggan Conjurer on June 6, 2019.
             Was an Initiate of Sif Muna.
             Slain by a mummy (13 damage)
             ... in an ossuary.
             The game lasted 00:16:03 (4222 turns).

troglodite the Sneak (Spriggan Conjurer)            Turns: 4222, Time: 00:16:04

Health: -4/24      AC:  2    Str:  4    XL:     5   Next: 27%
Magic:  1/11       EV: 19    Int: 18    God:    Sif Muna [......]
Gold:   122        SH:  0    Dex: 16    Spells: 8/11 levels left

rFire    . . .     SeeInvis +   q - +2 dagger (speed)
rCold    . . .     Gourm    .   (shield restricted)
rNeg     . . .     Faith    .   a - +0 robe
rPois    .         Spirit   .   (helmet restricted)
rElec    .         Reflect  .   (no cloak)
rCorr    .         Harm     .   (gloves unavailable)
MR       .....                  (boots unavailable)
Stlth    +++.......             (no amulet)
HPRegen  0.08/turn              (no ring)
MPRegen  0.12/turn              (no ring)

@: very quick
A: very small, unfitting armour, see invisible, herbivore, speed 3, slow
metabolism 2
a: Renounce Religion


You were in an ossuary.
You worshipped Sif Muna.
Sif Muna was noncommittal.
You were not hungry.

You visited 1 branch of the dungeon, and saw 4 of its levels.
You also visited: Ossuary.

You collected 122 gold pieces.

Inventory:

Hand Weapons
 e - the cursed +0 hand axe of the Apocalypse {speed, rElec rPois MR- Stlth+, unknown}
   (You found it on level 4 of the Dungeon)

   Attacks with this weapon are significantly faster.
   It insulates you from electricity.
   It protects you from poison.
   It affects your resistance to hostile enchantments.
   It makes you more stealthy.
   It has a curse placed upon it.
 i - a +0 dagger
 n - a +2 short sword of electrocution
 q - a +2 dagger of speed (weapon)
 u - a +0 hunting sling
 w - a cursed +0 short sword
Missiles
 g - 30 sling bullets
 h - 108 stones (quivered)
Armour
 a - a +0 robe (worn)
Scrolls
 b - a scroll of teleportation
 f - 4 scrolls of identify
 r - a scroll of enchant weapon {unknown}
 t - a scroll of remove curse {unknown}
Potions
 j - a potion of magic {unknown}
 k - 2 potions of haste
 l - a potion of invisibility {unknown}
 p - a potion of heal wounds
 s - 2 potions of curing {unknown}
 v - a potion of flight {unknown}
 x - a potion of degeneration {unknown}
Comestibles
 c - 3 rations


   Skills:
 + Level 0.2 Fighting
 * Level 2.4 Short Blades
 * Level 1.0 Slings
 * Level 3.8 Dodging
 * Level 4.2 Stealth
 * Level 3.9 Spellcasting
 * Level 3.5 Conjurations


You had 8 spell levels left.
You knew the following spells:

 Your Spells              Type           Power        Failure   Level  Hunger
a - Magic Dart            Conj           ###.         3%          1    None
b - Searing Ray           Conj           ###...       5%          2    ##.....

Your spell library contained the following spells:

 Spells                   Type           Power        Failure   Level  Hunger
 Dazzling Spray           Conj/Hex       #.....       22%         3    ###....
 Iskenderun's Mystic Bla  Conj           ###.....     34%         4    ####...
 Force Lance              Conj/Tloc      #.......     56%         4    ####...
 Fulminant Prism          Conj/Hex       #.........   56%         4    ####...


Dungeon Overview and Level Annotations

Branches:
Dungeon (4/15)
 Temple: D:4-7

Altars:
Fedhas
Kikubaaqudgha
Okawaru
Qazlal
Sif Muna

Shops:
D:4 *


Innate Abilities, Weirdness & Mutations

You are very small and have problems with some larger weapons.
You are too small for most types of armour.
You have supernaturally acute eyesight. (SInv)
You are a herbivore.
You cover ground extremely quickly.
You need to consume almost no food.


Message History

You hit the mummy but do no damage.
The mummy is heavily damaged.
You barely miss the mummy.
The mummy is heavily damaged.
The mummy misses you.
You barely miss the mummy.
The mummy is heavily damaged.
You hit the mummy.
The mummy is heavily damaged.
You hit the mummy.
The mummy is severely damaged.
The mummy barely misses you.
You hit the mummy but do no damage.
The mummy is severely damaged.
The kobold zombie barely misses you.
You hit the mummy.
The mummy is severely damaged.
The mummy hits you!
Ouch! That really hurt!
You die...

################
##......M.M.....##
##..M...####...M..##
#..... ##..##......#
#.....##....##.....#
#......@M..........#
##.....Z..........##
##....Z.........##
#+##.M.M....##+#
##.Z....## ##....##
#....# #....# #....#


You could see 3 mummies, a hobgoblin zombie, a gnoll zombie and a kobold zombie.

Vanquished Creatures
  An orc wizard (D:4)
  A mummy (Ossuary)
  3 adders (D:3)
  An ooze (D:3)
  3 worms
  5 dart slugs
  6 leopard geckos (D:3)
  3 orcs
  6 bats
  2 bat zombies (D:3)
  5 giant cockroaches
  A gnoll zombie (Ossuary)
  6 hobgoblins
  3 jackals (D:2)
  9 kobolds
  3 quokkas
  4 frilled lizards
  4 goblins
  2 hobgoblin zombies (Ossuary)
  2 kobold zombies (Ossuary)
  7 rats
77 creatures vanquished.

Notes
Turn   | Place    | Note
-------+----------+-------------------------------------------
     0 | D:1      | troglodite the Spriggan Conjurer began the quest for the
                  | Orb.
     0 | D:1      | Reached XP level 1. HP: 9/9 MP: 5/5
   506 | D:1      | Reached XP level 2. HP: 13/13 MP: 2/6
   655 | D:1      | Learned a level 2 spell: Searing Ray
  1422 | D:2      | Reached XP level 3. HP: 15/16 MP: 8/8
  1672 | D:2      | Found a faded altar of an unknown god.
  1683 | D:2      | Found a blossoming altar of Fedhas.
  1684 | D:2      | Found a deep blue altar of Sif Muna.
  1684 | D:2      | Found a stormy altar of Qazlal.
  1685 | D:2      | Found an iron altar of Okawaru.
  1702 | D:2      | Became a worshipper of Sif Muna the Loreminder
  2251 | D:3      | Reached skill level 1 in Short Blades
  2251 | D:3      | Reached XP level 4. HP: 11/21 MP: 6/10
  2597 | D:3      | Reached skill level 4 in Stealth
  3624 | D:3      | Found an ancient bone altar of Kikubaaqudgha.
  3785 | D:4      | Found Beung's Assorted Antiques.
  3803 | D:4      | Reached XP level 5. HP: 13/24 MP: 1/11
  3834 | D:4      | Found a sand-covered staircase.
  3893 | D:4      | Got a slimy hand axe
  4090 | Ossuary  | Entered an ossuary
  4206 | Ossuary  | Reached skill level 1 in Slings
  4222 | Ossuary  | Slain by a mummy

Skill      XL: |  1  2  3  4  5 |
---------------+----------------+-----
Conjurations   | 3 |  3.5
Spellcasting   | 3 |  3.9
Short Blades   | 1 2 |  2.4
Stealth        | 4 |  4.2
Slings         | 1 |  1.0
Fighting       | |  0.2
Dodging        | |  3.8

Action                   |  1- 3 |  4- 6 || total
-------------------------+-------+-------++-------
Melee: Unarmed           |     9 |       ||     9
       Dagger            |    45 |   112 ||   157
       Short sword       |     9 |       ||     9
 Cast: Magic Dart        |    72 |    48 ||   120
       Searing Ray       |     3 |     5 ||     8
  Use: Scroll            |       |     7 ||     7
       Potion            |       |     2 ||     2
 Stab: Sleeping          |     2 |       ||     2
  Eat: Ration            |       |     1 ||     1
Armor: Robe              |     3 |     5 ||     8
Dodge: Dodged            |    49 |    65 ||   114
